 Dungeon Crawl Stone Soup version 0.28-a0-941-g140ffa10cf (webtiles) character file.

Game seed: 12393138936076360459

191 Ijustatesigmund the Charlatan (level 5, -7/41 HPs)
             Began as a Gnoll Artificer on Nov 29, 2021.
             Mangled by an ogre (11 damage)
             ... on level 4 of the Dungeon.
             The game lasted 00:10:50 (4746 turns).

Ijustatesigmund the Charlatan (Gnoll Artificer)     Turns: 4746, Time: 00:10:52

Health: -7/41      AC: 11    Str: 11 (12) XL:     5   Next: 70%
Magic:  7/7        EV: 11    Int:  8 (11) God:
Gold:   112        SH:  0    Dex: 10 (12) Spells: 7/7 levels left

rFire   . . .      SeeInvis .   a - +0 flail (venom)
rCold   . . .      Faith    .   (no shield)
rNeg    + . .      Spirit   .   b - +0 ring mail
rPois   .          Reflect  .   l - +2 helmet
rElec   .          Harm     .   (no cloak)
rCorr   .          Rampage  .   i - +1 pair of gloves
Will    .....                   (no boots)
Stlth   +.........              (no amulet)
HPRegen 0.13/turn               g - ring of positive energy
MPRegen 0.10/turn               (no ring)

@: no status effects
A: fangs 1, strong nose, distributed training, talons 1, mutation resistance 1
a: no special abilities


You were on level 4 of the Dungeon.
You visited 1 branch of the dungeon, and saw 4 of its levels.

You collected 112 gold pieces.

Inventory:

Hand Weapons
 a - a +0 flail of venom (weapon)
Missiles
 j - 13 poisoned darts
Armour
 b - a +0 ring mail (worn)
 i - a +1 pair of gloves (worn)
 l - a +2 helmet (worn)
Jewellery
 g - a ring of positive energy (left hand)
Wands
 c - a wand of flame (8) (quivered)
 d - a wand of charming (2)
Scrolls
 h - a scroll of immolation
Potions
 f - a potion of resistance
 k - 2 potions of curing
Miscellaneous
 e - a piece from Xom's chessboard (15/15)


   Skills:
 + Level 3.0 Fighting
 + Level 1.6 Short Blades
 + Level 1.6 Long Blades
 + Level 1.6 Axes
 + Level 1.6 Maces & Flails
 + Level 1.6 Polearms
 + Level 1.6 Staves
 + Level 1.6 Slings
 + Level 1.6 Bows
 + Level 1.6 Crossbows
 + Level 1.6 Throwing
 + Level 4.8 Armour
 + Level 3.0 Dodging
 + Level 2.8 Stealth
 + Level 1.6 Shields
 + Level 1.6 Unarmed Combat
 + Level 1.6 Spellcasting
 + Level 1.2 Conjurations
 + Level 1.2 Hexes
 + Level 1.2 Summonings
 + Level 1.2 Necromancy
 + Level 1.2 Translocations
 + Level 1.2 Transmutations
 + Level 1.2 Fire Magic
 + Level 1.2 Ice Magic
 + Level 1.2 Air Magic
 + Level 1.2 Earth Magic
 + Level 1.2 Poison Magic
 + Level 1.8 Invocations
 + Level 6.7 Evocations


You had 7 spell levels left.
You didn't know any spells.
Your spell library was empty.

Dungeon Overview and Level Annotations

Branches:
Dungeon (4/15)
 Temple: D:4-7

Altars:
Uskayaw
The Shining One

Annotations:
D:4 Duvessa


Innate Abilities, Weirdness & Mutations

You have very sharp teeth.
Your uncanny sense of smell can sniff out nearby items.
Your experience applies equally to all skills.
You have sharp toenails.
You are somewhat resistant to further mutation.


Message History

Press: ? - help, Dir - move target, f - worm, p - ogre
Aim: a worm (asleep) Attack!
You hear a shout!
Unknown command.
Your ogre hits the worm with a +0 giant spiked club!!!
The worm dies!
You hear a shout!
You swap places.
You see here a worm corpse.
You hear a shout!
You hear a shout!
What are your orders? t - Bark!
Orders for allies: a - Attack new target. r - Retreat! s - Stop attacking. g - Guard the area. f - Follow me.
Anything else - Cancel.
Retreat in which direction?
Press: ? - help, Dir - move target Fall back!
The ogre is no longer charmed.
Okay, then.
You catch the helpless ogre completely off-guard!
You hit the ogre.
The ogre is poisoned.
You claw the ogre, but do no damage.
The ogre is lightly wounded.
The ogre hits you with a +0 giant spiked club!
Okay, then.
It was a potion of degeneration.
There was something very wrong with that liquid.
You feel weakened.
You feel dopey.
You feel clumsy.
You hear a shout!
The ogre hits you with a +0 giant spiked club!!
Ouch! That really hurt!
* * * LOW HITPOINT WARNING * * *
Aiming: Charm
Press: ? - help, Shift-Dir - straight line, f - ogre
Aim: an ogre, wielding a +0 giant spiked club (lightly wounded, very poisoned, chance to affect: 66%)
The ogre struggles to resist.
The ogre hits you with a +0 giant spiked club!
You die...

#.....###..#
##
#...####..##
#
##....###)##
##..†...#.#
#........##
##
#.........##
#.
#..........#
#...
##...O......
....
###@.......
....
#..#....#
....
..#######
.... ####
... .. .


You could see an ogre (very poisoned).

Vanquished Creatures
  Dowan (D:4)
  An orc priest (D:4)
  A hound skeleton (D:4)
  3 adders
  3 orcs
  3 ball pythons
  5 endoplasms (D:2)
  5 giant cockroaches
  6 goblins
  6 hobgoblins
  5 jackals
  7 kobolds
  A quokka (D:3)
  3 bats
  5 frilled lizards
  3 rats
58 creatures vanquished.

Vanquished Creatures (collateral kills)
  A worm (D:4)
  An endoplasm (D:4)
  2 goblins
  A hobgoblin (D:1)
5 creatures vanquished.

Vanquished Creatures (others)
  A jelly (D:4)
  A bat (D:1)
  A hobgoblin (D:2)
3 creatures vanquished.

Grand Total: 66 creatures vanquished

Notes
Turn   | Place    | Note
-------+----------+-------------------------------------------
     0 | D:1      | Ijustatesigmund the Gnoll Artificer began the quest for the
                  | Orb.
     0 | D:1      | Reached XP level 1. HP: 17/17 MP: 1/1
   182 | D:1      | Reached XP level 2. HP: 10/23 MP: 2/2
  1365 | D:2      | Found a hide-covered altar of Uskayaw.
  1478 | D:2      | Reached XP level 3. HP: 21/28 MP: 3/3
  1854 | D:2      | Reached skill level 1 in Invocations
  2383 | D:2      | Reached skill level 1 in Short Blades
  2383 | D:2      | Reached skill level 1 in Long Blades
  2383 | D:2      | Reached skill level 1 in Axes
  2383 | D:2      | Reached skill level 1 in Maces & Flails
  2383 | D:2      | Reached skill level 1 in Polearms
  2383 | D:2      | Reached skill level 1 in Staves
  2383 | D:2      | Reached skill level 1 in Slings
  2383 | D:2      | Reached skill level 1 in Bows
  2383 | D:2      | Reached skill level 1 in Crossbows
  2383 | D:2      | Reached skill level 1 in Throwing
  2383 | D:2      | Reached skill level 1 in Shields
  2383 | D:2      | Reached skill level 1 in Unarmed Combat
  2383 | D:2      | Reached skill level 1 in Spellcasting
  2501 | D:2      | Gained mutation: You have sharp toenails. [potion of
                  | mutation]
  2501 | D:2      | Gained mutation: You are somewhat resistant to further
                  | mutation. [potion of mutation]
  2512 | D:2      | Found a faded altar of an unknown god.
  2572 | D:2      | Reached XP level 4. HP: 32/33 MP: 5/5
  3618 | D:4      | Noticed Duvessa
  3621 | D:4      | Reached skill level 1 in Conjurations
  3621 | D:4      | Reached skill level 1 in Hexes
  3621 | D:4      | Reached skill level 1 in Summonings
  3621 | D:4      | Reached skill level 1 in Necromancy
  3621 | D:4      | Reached skill level 1 in Translocations
  3621 | D:4      | Reached skill level 1 in Transmutations
  3621 | D:4      | Reached skill level 1 in Fire Magic
  3621 | D:4      | Reached skill level 1 in Ice Magic
  3621 | D:4      | Reached skill level 1 in Air Magic
  3621 | D:4      | Reached skill level 1 in Earth Magic
  3621 | D:4      | Reached skill level 1 in Poison Magic
  3625 | D:4      | Noticed Dowan
  3944 | D:4      | Found a glowing golden altar of the Shining One.
  4141 | D:4      | Reached XP level 5. HP: 39/40 MP: 5/7
  4217 | D:4      | Killed Dowan
  4676 | D:4      | Noticed an ogre
  4746 | D:4      | Mangled by an ogre

Illustrated notes

Levels and vault maps discovered:
D:1:      amcnicky_arrival_gap_in_the_tavern_cellar, layout_loops_ring,
          minmay_stone_trees_medium
D:2:      layout_basic, basic_altar,
          dreamdust_ecumenical_altar_angels_and_demons, grunt_ministairs_12
D:3:      layout_basic
D:4:      layout_cave_pods, tso_metal_star, serial_park, serial_park_paths
          [serial_park_minivault_5x5_7], serial_park_tiny_2, serial_park_tiny_1,
          uniq_crazy_yiuf_cottage, uniq_duvessa

Skill      XL: |  1  2  3  4  5 |
---------------+----------------+-----
Invocations    | 1 |  1.8
Short Blades   | 1 |  1.6
Long Blades    | 1 |  1.6
Axes           | 1 |  1.6
Maces & Flails | 1 |  1.6
Polearms       | 1 |  1.6
Staves         | 1 |  1.6
Slings         | 1 |  1.6
Bows           | 1 |  1.6
Crossbows      | 1 |  1.6
Throwing       | 1 |  1.6
Shields        | 1 |  1.6
Unarmed Combat | 1 |  1.6
Spellcasting   | 1 |  1.6
Conjurations   | 1 |  1.2
Hexes          | 1 |  1.2
Summonings     | 1 |  1.2
Necromancy     | 1 |  1.2
Translocations | 1 |  1.2
Transmutations | 1 |  1.2
Fire Magic     | 1 |  1.2
Ice Magic      | 1 |  1.2
Air Magic      | 1 |  1.2
Earth Magic    | 1 |  1.2
Poison Magic   | 1 |  1.2
Fighting       | 3 |  3.0
Dodging        | 3 |  3.0
Armour         | |  4.8
Stealth        | |  2.8
Evocations     | |  6.7

Action                   |  1- 3 |  4- 6 || total
-------------------------+-------+-------++-------
Melee: Club              |   154 |       ||   154
       Bite              |    10 |     2 ||    12
       Punch             |     1 |       ||     1
       Flail             |    15 |    83 ||    98
       Kick              |     1 |    17 ||    18
Evoke: Wand              |     7 |    13 ||    20
  Use: Scroll            |     6 |     5 ||    11
       Potion            |     1 |     2 ||     3
 Stab: Sleeping          |     5 |       ||     5
       Distracted        |       |     1 ||     1
Armor: Leather armour    |    19 |       ||    19
       Ring mail         |    73 |    54 ||   127
Dodge: Dodged            |   130 |    53 ||   183

Table legend: (Time is in decaauts)
 A = Elapsed time spent in this place.
 B = Non-inter-level travel time spent in this place.
 C = Inter-level travel time spent in this place.
 D = Time resting spent in this place.
 E = Time spent auto-exploring this place.
 F = Levels seen in this place.
 G = Mean time per level.
                   A        B        C        D        E       F      G
               +--------+--------+--------+--------+--------+-----+--------+
         Total |   4822 |   4759 |     63 |   1811 |   2159 |   4 | 1205.5 |
       Dungeon |   4822 |   4759 |     63 |   1811 |   2159 |   4 | 1205.5 |
               +--------+--------+--------+--------+--------+-----+--------+

Top non-repeatable levels by time:
     D:2: 1934 daAuts
     D:1: 1107 daAuts
     D:4: 950 daAuts
     D:3: 830 daAuts
